 Dungeon Crawl Stone Soup version 0.27.1-1-g398f81649c (webtiles) character file.

Game seed: 7463135843844907407

74 acemry the Changer (level 4, 0/28 HPs)
             Began as an Octopode Transmuter on Sept 9, 2021.
             Slain by a goblin (3 damage)
             ... on level 2 of the Dungeon.
             The game lasted 00:02:18 (2127 turns).

acemry the Changer (Octopode Transmuter)            Turns: 2127, Time: 00:02:19

Health: 0/28       AC:  1    Str:  9    XL:     4   Next: 28%
Magic:  7/7        EV: 13    Int: 16    God:
Gold:   95         SH:  0    Dex: 12    Spells: 6/7 levels left

rFire    . . .     SeeInvis .   d - +0 short sword
rCold    . . .     Faith    .   (no shield)
rNeg     . . .     Spirit   .   (helmet currently unavailable)
rPois    .         Reflect  .   f - amulet of magic regeneration
rElec    .         Harm     .   (no ring)
rCorr    .         Rampage  .   (no ring)
Will     .....                  (no ring)
Stlth    ++........             (no ring)
HPRegen  0.09/turn              (no ring)
MPRegen  0.35/turn              (no ring)
                                (no ring)
                                (no ring)

@: appendages (expiring)
A: tentacle spike 3, almost no armour, amphibious, 8 rings, camouflage 1,
gelatinous body 1, (nimble swimmer 1), tentacles
a: End Transformation


You were on level 2 of the Dungeon.
One of your tentacles had grown a beastly spike.
You visited 1 branch of the dungeon, and saw 2 of its levels.

You collected 95 gold pieces.

Inventory:

Hand Weapons
 d - a +0 short sword (weapon)
Jewellery
 f - an amulet of magic regeneration (around mantle)
Scrolls
 a - a scroll of fog {unknown}
 c - a scroll of blinking {unknown}
 e - a scroll of enchant armour {unknown}
Potions
 b - a potion of heal wounds {unknown}


   Skills:
 - Level 1.0 Fighting
 - Level 2.0 Dodging
 - Level 3.0 Unarmed Combat
 - Level 2.0 Spellcasting
 + Level 4.4 Transmutations


You had 6 spell levels left.
You knew the following spells:

 Your Spells              Type           Power      Damage    Failure   Level
a - Beastly Appendage     Tmut           30%        N/A       3%          1

Your spell library contained the following spells:

 Spells                   Type           Power      Damage    Failure   Level
 Wereblood                Tmut           15%        N/A       4%          2
 Spider Form              Tmut/Pois      4%         N/A       26%         3
 Ice Form                 Ice/Tmut       8%         N/A       63%         4


Dungeon Overview and Level Annotations

Branches:
Dungeon (2/15)

Altars:


Innate Abilities, Weirdness & Mutations

One of your tentacles has grown a beastly spike.
You cannot wear most types of armour.
You are amphibious.
You can wear up to eight rings at the same time.
Your skin changes colour to match your surroundings (Stealth+).
Your rubbery body absorbs attacks. (AC +1, EV +1)
((You are camouflaged near water. (Stealth+)))
You have tentacles for arms and can constrict up to eight enemies at once.


Message History

You closely miss the adder. Your grab misses the adder.
The adder is severely wounded.
The adder bites you. x2
You hit the adder but do no damage. Your grab misses the adder.
Your tentacle spike misses the adder.
The adder is severely wounded.
Your transformation is almost over.
The adder misses you.
You hit the adder. Your grab misses the adder.
Your tentacle spike misses the adder.
The adder is almost dead.
The goblin shouts!
The adder misses you. The adder bites you.
You miss the adder. Your grab misses the adder. Your squeeze misses the adder.
The adder is almost dead.
The adder bites you.
You hit the adder but do no damage. You grab the adder.
Your squeeze misses the adder.
The adder is severely wounded.
You constrict the adder. The adder bites you.
The goblin hits you but does no damage. The adder bites you.
The goblin hits you with a +1 dagger of freezing.
The goblin freezes you.
* * * LOW HITPOINT WARNING * * *
You release your grip on the adder.
You hit the adder. Your grab misses the adder.
The adder is almost dead.
The adder barely misses you.
You miss the adder. Your grab misses the adder.
You pierce the adder, but do no damage.
Your squeeze misses the adder.
The adder is almost dead.
The adder closely misses you. The adder bites you.
* * * LOW HITPOINT WARNING * * *
You hit the adder.
You kill the adder!
You barely miss the goblin. You grab the goblin.
You pierce the goblin, but do no damage.
You constrict the goblin.
The goblin hits you with a +1 dagger of freezing.
You die...

#.# #.# #.# #######.#
#.... ..#
####..####.#########
#.....#....##.......
#...#.##..##..##..
#@#.#..##..##..##.
#g#.....##..##..##
#....#......##..)...#
#####################


You could see a goblin.

Vanquished Creatures
  3 adders (D:2)
  A dart slug (D:2)
  5 endoplasms
  5 goblins
  2 hobgoblins
  3 jackals
  4 quokkas
  3 ball pythons
  3 bats (D:1)
  5 kobolds
  9 rats
43 creatures vanquished.

Notes
Turn   | Place    | Note
-------+----------+-------------------------------------------
     0 | D:1      | acemry the Octopode Transmuter began the quest for the Orb.
     0 | D:1      | Reached XP level 1. HP: 13/13 MP: 3/3
   363 | D:1      | Reached XP level 2. HP: 18/18 MP: 3/5
   744 | D:1      | Reached skill level 3 in Transmutations
   894 | D:1      | Reached XP level 3. HP: 10/23 MP: 4/6
  1870 | D:2      | Reached skill level 4 in Transmutations
  2042 | D:2      | Reached XP level 4. HP: 25/28 MP: 7/7
  2127 | D:2      | Slain by a goblin

Illustrated notes

Levels and vault maps discovered:
D:1:      scummos_arrival_simple_crosswalls, layout_basic
D:2:      minmay_thinvault, layout_basic, basic_altar

Skill      XL: |  1  2  3 |
---------------+----------+-----
Transmutations | 3 4 |  4.4
Fighting       | |  1.0
Dodging        | |  2.0
Unarmed Combat | |  3.0
Spellcasting   | |  2.0

Action                   |  1- 3 |  4- 6 || total
-------------------------+-------+-------++-------
Melee: Unarmed           |    47 |       ||    47
       Kick              |    28 |     4 ||    32
       Tentacles         |    13 |     3 ||    16
       Constrict         |    19 |     5 ||    24
       Short sword       |    40 |    16 ||    56
       Punch             |     2 |       ||     2
 Cast: Beastly Appendage |    24 |     3 ||    27
 Stab: Sleeping          |     7 |     2 ||     9
Armor: Skin              |     7 |     1 ||     8
Dodge: Dodged            |    61 |    10 ||    71
